Map: Cerulean Fall LE

Players

Future - Winner!

  • Race: Terran Terran
  • League: Grandmaster
  • Spawn Location: 7:00

Tesla (Rob)

  • Race: Protoss Protoss
  • League: Grandmaster
  • Spawn Location: 1:00

Event: Cheeseadelphia 8

VOD

Have the link to the VOD?

Description

Time

  • Played on: Dec. 9, 2018, 10:39 a.m.
  • Length: 15:13

All games in this series

Show
View Real Time Build Order
Export as new Build Order

Future Terran - Winner!

Build Orders:  

Get SALT Encoding   

  12  0:00  SCV  
  13  0:12  SCV  
  14  0:17  Supply Depot  
  14  0:24  SCV  
  15  0:39  SCV  
  15  0:41  Barracks  
  16  0:46  Refinery  
  16  0:51  SCV  
  16  0:56  Refinery  
  17  1:03  SCV  
  18  1:15  SCV  
  19  1:29  Reaper, Orbital Command  
  20  1:48  Supply Depot  
  20  1:49  Factory  
  20  1:55  SCV  
  20  2:01  Reaper  
  22  2:07  SCV  
  23  2:19  SCV  
  24  2:31  SCV  
  24  2:33  Hellion  
  27  2:43  SCV  
  28  2:48  Command Center  
  27  2:55  SCV  
  27  2:56  Barracks Reactor, Starport  
  28  3:02  Factory Tech Lab  
  28  3:07  SCV  
  29  3:19  SCV  
  30  3:20  Supply Depot  
  30  3:32  SCV  
  30  3:33  Factory Tech Lab  
  31  3:41  Marine x2  
  31  3:44  Raven, SCV  
  36  3:55  Widow Mine  
  38  3:56  SCV  
  38  3:59  Marine x2, Orbital Command  
  41  4:08  SCV  
  42  4:16  Command Center  
  42  4:20  SCV  
  42  4:21  Marine  
  42  4:23  Marine  
  45  4:29  Siege Tank  
  45  4:31  SCV  
  49  4:35  Bunker  
  49  4:39  SCV  
  49  4:40  Supply Depot  
  49  4:43  SCV  
  51  4:45  Starport Reactor  
  51  4:47  Barracks  
  51  4:48  Barracks  
  51  4:51  SCV  
  52  4:54  Supply Depot  
  52  4:55  SCV  
  52  4:59  Marine, Stimpack  
  54  5:03  SCV  
  54  5:05  Siege Tank  
  58  5:07  SCV  
  59  5:15  SCV  
  60  5:21  Barracks, SCV  
  60  5:22  Barracks  
  60  5:28  Marine, SCV  
  63  5:34  Starport Reactor  
  63  5:35  SCV  
  62  5:37  Refinery x2, Orbital Command  
  61  5:49  Factory Reactor, Marine  
  64  5:52  Engineering Bay  
  64  5:53  Combat Shield  
  64  5:54  Marine x2, Engineering Bay  
  64  5:59  SCV x2  
  64  6:02  Marauder  
  68  6:07  Marauder  
  70  6:16  Barracks Tech Lab  
  70  6:17  Marine x2  
  70  6:18  Marine  
  74  6:19  Marine  
  74  6:20  Terran Infantry Weapons Level 1  
  74  6:22  Terran Infantry Armor Level 1  
  74  6:23  Marauder  
  74  6:24  Orbital Command  
  76  6:29  Marauder  
  78  6:35  Medivac  
  78  6:37  Marine x2, Marauder  
  78  6:38  Marine  
  85  6:42  Marine  
  85  6:44  Supply Depot x2, Marauder  
  85  6:45  SCV x2  
  90  6:50  Marauder  
  90  6:53  SCV  
  91  6:55  Widow Mine  
  93  7:05  Medivac  
  93  7:06  SCV x3, Marauder x2  
  93  7:07  Supply Depot  
  93  7:08  Concussive Shells  
  102  7:10  Supply Depot  
  102  7:13  Medivac  
  104  7:18  SCV x3  
  106  7:25  Missile Turret  
  106  7:28  Missile Turret  
  106  7:29  Marauder  
  106  7:30  Missile Turret, Marine  
  106  7:33  Missile Turret  
  106  7:35  Armory  
  106  7:36  SCV  
  108  7:38  SCV  
  113  7:44  Marauder x2  
  113  7:45  Marine x2  
  113  7:46  Marine  
  113  7:48  Marine  
  117  7:51  Medivac  
  117  7:54  SCV x2  
  122  8:02  Marauder  
  122  8:05  Marauder  
  125  8:13  Supply Depot  
  125  8:14  Medivac, Supply Depot x2, Marauder  
  129  8:20  Marine  
  129  8:21  Marine x2  
  129  8:24  Marauder  
  129  8:25  Marine  
  133  8:33  Supply Depot  
  132  8:35  Medivac, Marauder, Widow Mine x2  
  132  8:36  Marauder  
  141  8:45  Marauder  
  104  8:57  Marauder  
  104  9:00  Marine x4, Marauder  
  104  9:02  Widow Mine x2  
  110  9:04  SCV x2  
  110  9:06  Marauder  
  110  9:08  Command Center  
  114  9:13  Terran Infantry Weapons Level 2, Terran Infantry Armor Level 2  
  114  9:18  Medivac, Marine, Marauder  
  114  9:20  Medivac  
  121  9:26  Marine x2  
  121  9:28  Widow Mine x2  
  127  9:32  Missile Turret  
  127  9:35  Missile Turret  
  127  9:36  Missile Turret  
  127  9:43  Marine  
  127  9:44  Marauder  
  127  9:47  Marine  
  127  9:48  Marine x2, Marauder x2  
  133  10:01  Marine  
  133  10:02  Widow Mine x2  
  133  10:05  Marauder  
  133  10:07  Marine x3  
  140  10:08  Medivac x2  
  140  10:09  Marauder x2  
  148  10:22  Refinery  
  148  10:26  Marine x2  
  148  10:27  Marauder  
  148  10:28  Widow Mine  
  141  10:30  Marauder  
  138  10:36  Barracks  
  138  10:37  Barracks  
  138  10:38  Barracks  
  138  10:43  Marine x2, Marauder  
  138  10:45  Marine x2  
  138  10:48  Marauder  
  146  10:54  Widow Mine  
  146  10:56  Widow Mine  
  152  10:57  Marauder  
  152  11:01  Ghost Academy  
  149  11:04  Marauder  
  149  11:05  SCV x2  
  149  11:09  Marauder  
  149  11:11  Medivac  
  155  11:15  Medivac, Widow Mine  
  155  11:17  Widow Mine  
  161  11:20  Marine x2, Marauder  
  163  11:33  Marauder, Barracks Tech Lab x2  
  163  11:34  Barracks Reactor  
  163  11:35  Planetary Fortress  
  163  11:39  SCV x2  
  169  11:40  SCV  
  169  11:47  Ghost  
  164  11:52  Liberator x2  
  164  11:54  Missile Turret, Marine  
  164  11:55  Marine x2, Marauder x2  
  169  12:03  Widow Mine  
  169  12:04  Widow Mine  
  148  12:24  Starport  
  148  12:25  Fusion Core, Starport  
  148  12:28  SCV x3  
  150  12:32  SCV  
  150  12:34  Refinery  
  150  12:35  Refinery, Liberator x2  
  150  12:36  Marauder  
  153  12:40  SCV x3  
  156  12:47  SCV  
  157  12:51  Missile Turret  
  157  12:52  SCV  
  157  12:57  Sensor Tower, SCV  
  165  13:00  SCV  
  165  13:03  Marauder  
  168  13:18  Supply Depot x2  
  168  13:25  Marauder  
  151  13:29  Supply Depot, Marine, Marauder  
  151  13:33  Supply Depot  
  151  13:40  Starport Reactor, Starport Tech Lab  
  148  13:48  Liberator  
  148  13:49  Marauder x2  
  148  13:50  Marauder  
  152  13:56  Orbital Command  
  155  14:10  Liberator x2  
  155  14:13  Marauder x2  
  155  14:52  Marine, Marauder  
Show
View Real Time Build Order
Export as new Build Order

Tesla Protoss 

Build Orders: 1 Gate Expand, Blink Stalkers, Chargelot Immortal 

Get SALT Encoding   

  12  0:00  Probe  
  13  0:12  Probe  
  14  0:18  Pylon  
  14  0:24  Probe  
  15  0:32  Probe  
  15  0:37  Gateway  
  15  0:40  Probe  
  16  0:46  Assimilator  
  17  0:51  Probe  
  18  1:03  Probe  
  19  1:15  Probe  
  20  1:22  Nexus  
  20  1:31  Probe  
  20  1:33  Cybernetics Core  
  21  1:42  Assimilator  
  22  1:47  Zealot  
  23  1:55  Pylon  
  23  2:02  Pylon  
  23  2:07  Stalker  
  23  2:11  Probe  
  25  2:24  Probe  
  25  2:26  Warp Gate  
  26  2:31  Probe  
  26  2:35  Twilight Council  
  27  2:38  Probe  
  27  2:39  Probe  
  27  2:41  Blink  
  29  2:48  Probe  
  29  2:51  Probe  
  31  3:00  Probe  
  31  3:03  Probe  
  34  3:12  Probe  
  34  3:15  Probe  
  34  3:18  Stalker  
  37  3:26  Probe  
  38  3:27  Probe  
  39  3:36  Shield Battery  
  39  3:38  Probe  
  39  3:39  Probe  
  41  3:44  Gateway  
  41  3:47  Gateway  
  41  3:50  Probe  
  41  3:51  Probe  
  43  3:59  Pylon  
  43  4:02  Stalker  
  45  4:03  Probe  
  45  4:05  Probe  
  47  4:10  Robotics Facility  
  47  4:15  Shield Battery  
  47  4:17  Probe x2  
  47  4:21  Assimilator  
  47  4:23  Assimilator  
  49  4:29  Probe x2  
  51  4:34  Pylon  
  51  4:39  Stalker  
  53  4:52  Observer  
  53  4:53  Stalker x2  
  53  4:54  Probe  
  53  4:55  Pylon  
  59  5:07  Pylon  
  59  5:12  Nexus  
  59  5:13  Probe x2  
  57  5:15  Stalker  
  57  5:20  Charge, Stalker  
  61  5:31  Immortal  
  65  5:44  Gateway  
  65  5:46  Gateway  
  65  5:50  Probe x2  
  65  5:56  Dark Shrine  
  67  5:59  Gateway  
  67  6:00  Gateway  
  67  6:03  Probe  
  67  6:04  Probe  
  69  6:14  Immortal  
  69  6:16  Probe x2  
  72  6:25  Probe  
  76  6:28  Pylon  
  76  6:29  Probe  
  76  6:32  Pylon  
  77  6:36  Probe  
  77  6:37  Probe  
  77  6:38  Pylon  
  79  6:41  Probe  
  80  6:49  Warp Prism  
  80  6:50  Gateway x2  
  78  6:57  Probe x3, Shadow Stride  
  78  6:59  Assimilator x2  
  83  7:10  Dark Templar  
  83  7:11  Dark Templar x2  
  83  7:15  Observer  
  89  7:24  Probe x2  
  89  7:25  Immortal  
  89  7:28  Pylon  
  91  7:31  Stalker x4  
  97  7:47  Dark Templar x4  
  97  7:48  Dark Templar  
  97  7:51  Probe x2  
  109  7:55  Pylon  
  109  7:56  Immortal, Forge  
  107  8:00  Forge  
  105  8:12  Dark Templar x2  
  113  8:20  Robotics Bay  
  113  8:24  Dark Templar x2  
  117  8:28  Zealot x2  
  119  8:35  Zealot x3  
  122  8:45  Dark Templar x2  
  104  8:51  Archon  
  104  8:54  Dark Templar  
  104  8:55  Dark Templar  
  90  8:57  Probe x2  
  88  9:04  Dark Templar, Zealot x4  
  88  9:07  Pylon  
  98  9:22  Dark Templar x2  
  102  9:26  Zealot x2  
  106  9:35  Immortal  
  106  9:36  Nexus  
  106  9:40  Zealot x5  
  116  9:54  Protoss Ground Armor Level 1  
  116  9:59  Protoss Ground Weapons Level 1  
  112  10:00  Dark Templar x4  
  112  10:02  Zealot x2  
  124  10:14  Pylon  
  124  10:17  Robotics Facility  
  122  10:22  Archon x2  
  122  10:23  Archon  
  122  10:26  Colossus  
  99  10:34  Zealot x6  
  99  10:35  Zealot x3  
  117  10:52  Colossus  
  117  10:55  Probe x4  
  123  11:14  Assimilator  
  123  11:16  Assimilator  
  109  11:19  Dark Templar  
  109  11:21  Dark Templar  
  109  11:24  Dark Templar  
  109  11:25  Zealot  
  111  11:34  Dark Templar  
  111  11:35  Zealot x2  
  111  11:38  Zealot  
  116  11:46  Stalker x2  
  117  11:53  Probe x3  
  106  12:04  Dark Templar x2  
  106  12:07  Dark Templar  
  95  12:17  Probe x2  
  91  12:24  Probe  
  91  12:25  Dark Templar x3  
  91  12:26  Dark Templar x2, Pylon  
  91  12:29  Probe  
  103  12:38  Robotics Bay  
  103  12:45  Dark Templar  
  105  12:53  Twilight Council  
  105  12:57  Zealot  
  105  12:58  Zealot x2  
  111  13:16  Robotics Facility  
  110  13:21  Dark Templar x3  
  110  13:22  Zealot  
  112  13:37  Pylon  
  112  13:38  Stalker x2  
  116  13:56  Zealot x2  
  116  14:02  Dark Templar  
  122  14:09  Robotics Facility  
  104  14:48  Dark Templar  
  104  14:49  Dark Templar x3, Zealot x3  
  104  14:50  Zealot  
Tags
 
Add a new tag
Caveats
  • Supply blocks, unpowered buildings, or Contaminate may cause inaccurate times.
  • Supply counts are checked every 10 seconds.